TOP OF THE 1ST |
Memphis Blues batting - Pitching for BlackIron Dragons : RHP António García
|
Pitching: RHP António García
|
|
Batting: LHB Arturo Rivera
|
0-0: Fly out, F6 (Popup, 6M)
|
Batting: RHB Dave O'Neill
|
0-0: Called Strike 0-1: Ball 1-1: Ball 2-1: Ground out 6-3 (Groundball, 6)
|
Batting: RHB Dale Taylor
|
0-0: Called Strike 0-1: Ball 1-1: Swinging Strike 1-2: Strikes out looking
|
Top of the 1st over - 0 run(s), 0 hit(s), 0 error(s), 0 left on base; Memphis 0 - BlackIron 0 |
BOTTOM OF THE 1ST |
BlackIron Dragons batting - Pitching for Memphis Blues : RHP Kunihiko Daikawa
|
Pitching: RHP Kunihiko Daikawa
|
|
Batting: RHB Alfredo Rangel
|
0-0: Swinging Strike 0-1: Ball 1-1: Ground out 4-3 (Groundball, 4)
|
Batting: RHB Brian Jackson
|
0-0: Swinging Strike 0-1: Ball 1-1: Foul Ball, location: 2F 1-2: Fly out, F9 (Flyball, 9M)
|
Batting: RHB Gil Palmer
|
0-0: Ball 1-0: Swinging Strike 1-1: Ball 2-1: Foul Ball, location: 2F 2-2: Ball 3-2: Strikes out swinging
|
Bottom of the 1st over - 0 run(s), 0 hit(s), 0 error(s), 0 left on base; Memphis 0 - BlackIron 0 |
TOP OF THE 2ND |
Memphis Blues batting - Pitching for BlackIron Dragons : RHP António García
|
Batting: RHB Bob Orr
|
0-0: Called Strike 0-1: Ball 1-1: Swinging Strike 1-2: Strikes out looking
|
Batting: RHB Sadao Kato
|
0-0: Swinging Strike 0-1: Ball 1-1: Ball 2-1: Foul Ball, location: 2F 2-2: Ball 3-2: Foul Ball, location: 2F 3-2: Base on Balls
|
Batting: RHB Glenn Johnson
|
0-0: Ball 1-0: Foul Ball, location: 2F 1-1: Ball 2-1: Swinging Strike 2-2: Strikes out swinging
|
Batting: LHB Ken Nelson
|
0-0: Ball 1-0: Fly out, F5 (Popup, 15S)
|
Top of the 2nd over - 0 run(s), 0 hit(s), 0 error(s), 1 left on base; Memphis 0 - BlackIron 0 |
BOTTOM OF THE 2ND |
BlackIron Dragons batting - Pitching for Memphis Blues : RHP Kunihiko Daikawa
|
Batting: RHB Boyd Pittman
|
0-0: Called Strike 0-1: Ball 1-1: Swinging Strike 1-2: Ball 2-2: Ball 3-2: Strikes out swinging
|
Batting: RHB Leroy Jamison
|
0-0: Ball 1-0: Swinging Strike 1-1: Called Strike 1-2: SINGLE (Groundball, 56D)
|
Batting: LHB Culley Vaughan
|
0-0: Ball 1-0: Foul Ball, location: 2F 1-1: Ball 2-1: 2-RUN HOME RUN (Flyball, 9D), Distance : 400 ft
|
Batting: LHB Donnie Cunningham
|
0-0: Ball 1-0: Ground out 1-3 (Groundball, 13)
|
Batting: LHB Leonard Young
|
0-0: Ball 1-0: Ball 2-0: Foul Ball, location: 2F 2-1: Ball 3-1: Ground out 4-3 (Groundball, 4)
|
Bottom of the 2nd over - 2 run(s), 2 hit(s), 0 error(s), 0 left on base; Memphis 0 - BlackIron 2 |
TOP OF THE 3RD |
Memphis Blues batting - Pitching for BlackIron Dragons : RHP António García
|
Batting: RHB Dale O'Feennaghty
|
0-0: Reached on error, E4 (Groundball, 4)
|
Batting: RHB José Herrera
|
0-0: Called Strike 0-1: Ball 1-1: Foul Ball, location: 2F 1-2: Foul Ball, location: 2F 1-2: Ball 2-2: Foul Ball, location: 2F 2-2: Foul Ball, location: 2F 2-2: Strikes out swinging
|
Batting: LHB Arturo Rivera
|
0-0: Ground out 4-3 (Groundball, 4) Dale O'Feennaghty to second
|
Batting: RHB Dave O'Neill
|
0-0: Called Strike 0-1: Ball 1-1: Ball 2-1: Ball 3-1: Called Strike 3-2: Foul Ball, location: 2F 3-2: Foul Ball, location: 2F 3-2: Ground out 5-3 (Groundball, 5S)
|
Top of the 3rd over - 0 run(s), 0 hit(s), 1 error(s), 1 left on base; Memphis 0 - BlackIron 2 |
BOTTOM OF THE 3RD |
BlackIron Dragons batting - Pitching for Memphis Blues : RHP Kunihiko Daikawa
|
Batting: RHB Edgardo Carrasco
|
0-0: Called Strike 0-1: Foul Ball, location: 2F 0-2: Foul Ball, location: 2F 0-2: Ball 1-2: Ball 2-2: Foul Ball, location: 2F 2-2: Strikes out swinging
|
Batting: RHB Alfredo Rangel
|
0-0: Called Strike 0-1: Ball 1-1: Ball 2-1: Swinging Strike 2-2: Strikes out swinging
|
Batting: RHB Brian Jackson
|
0-0: Called Strike 0-1: Ball 1-1: Fly out, F4 (Popup, 4M)
|
Bottom of the 3rd over - 0 run(s), 0 hit(s), 0 error(s), 0 left on base; Memphis 0 - BlackIron 2 |
TOP OF THE 4TH |
Memphis Blues batting - Pitching for BlackIron Dragons : RHP António García
|
Batting: RHB Dale Taylor
|
0-0: Called Strike 0-1: Ball 1-1: SINGLE (Groundball, 56)
|
Batting: RHB Bob Orr
|
0-0: Foul Ball, location: 2F 0-1: Ball 1-1: SINGLE (Groundball, 34D) Dale Taylor to second Runner from 2nd tries for 3rd, SAFE, throw made to third Bob Orr to second
|
Batting: RHB Sadao Kato
|
0-0: Ball 1-0: Foul Ball, location: 2F 1-1: Foul Ball, location: 2F 1-2: Foul Ball, location: 2F 1-2: Foul Ball, location: 2F 1-2: Foul Ball, location: 2F 1-2: Ball 2-2: Ground out 6-3 (Groundball, 6M) Dale Taylor scores Bob Orr to third
|
Batting: RHB Glenn Johnson
|
0-0: DOUBLE (Line Drive, 78D) Bob Orr scores
|
Batting: LHB Ken Nelson
|
0-0: Fly out, F7 (Flyball, 78M)
|
Batting: RHB Dale O'Feennaghty
|
0-0: Fly out, F3 (Popup, 3SF)
|
Top of the 4th over - 2 run(s), 3 hit(s), 0 error(s), 1 left on base; Memphis 2 - BlackIron 2 |
BOTTOM OF THE 4TH |
BlackIron Dragons batting - Pitching for Memphis Blues : RHP Kunihiko Daikawa
|
Batting: RHB Gil Palmer
|
0-0: Called Strike 0-1: Ground out 1-3 (Groundball, 23)
|
Batting: RHB Boyd Pittman
|
0-0: Ball 1-0: Ball 2-0: Ball 3-0: Base on Balls
|
Batting: RHB Leroy Jamison
|
0-0: Ball 1-0: Fielders Choice at 2nd, U6 (Groundball, 6M)
|
Batting: LHB Culley Vaughan
|
0-0: Called Strike 0-1: Ball 1-1: Called Strike 1-2: Foul Ball, location: 2F 1-2: Ball 2-2: Foul Ball, location: 2F 2-2: Ground out 4-3 (Groundball, 4)
|
Bottom of the 4th over - 0 run(s), 0 hit(s), 0 error(s), 1 left on base; Memphis 2 - BlackIron 2 |
TOP OF THE 5TH |
Memphis Blues batting - Pitching for BlackIron Dragons : RHP António García
|
Batting: RHB José Herrera
|
0-0: Ball 1-0: SINGLE (Line Drive, 6D)
|
Batting: LHB Arturo Rivera
|
0-0: Called Strike 0-1: Fielders Choice at 2nd, 4-6 (Groundball, 4)
|
Batting: RHB Dave O'Neill
|
0-0: Ball Arturo Rivera steals 2nd base 1-0: SINGLE (Line Drive, 78S) Arturo Rivera to third
|
Batting: RHB Dale Taylor
|
0-0: Called Strike 0-1: Swinging Strike 0-2: Ball 1-2: Foul Ball, location: 2F 1-2: Strikes out swinging
|
Batting: RHB Bob Orr
|
0-0: Called Strike 0-1: Ball 1-1: Ball 2-1: Foul Ball, location: 2F 2-2: Reached on error, E4 (Groundball, 4) Arturo Rivera scores Dave O'Neill to second
|
Pitching: LHP Frederick Cesti
|
|
Batting: RHB Sadao Kato
|
0-0: Called Strike 0-1: Foul Ball, location: 2F 0-2: Ball 1-2: Ball 2-2: Strikes out looking
|
Top of the 5th over - 1 run(s), 2 hit(s), 1 error(s), 2 left on base; Memphis 3 - BlackIron 2 |
BOTTOM OF THE 5TH |
BlackIron Dragons batting - Pitching for Memphis Blues : RHP Kunihiko Daikawa
|
Batting: LHB Donnie Cunningham
|
0-0: SINGLE (Flyball, 6MD)
|
Batting: LHB Leonard Young
|
0-0: 2-RUN HOME RUN (Flyball, 9LD), Distance : 399 ft
|
Batting: RHB Edgardo Carrasco
|
0-0: Ball 1-0: Ball 2-0: Called Strike 2-1: Foul Ball, location: 2F 2-2: Strikes out looking
|
Batting: RHB Alfredo Rangel
|
0-0: Called Strike 0-1: Ball 1-1: Foul Ball, location: 2F 1-2: Fly out, F6 (Popup, 6D)
|
Batting: RHB Brian Jackson
|
0-0: Foul Ball, location: 2F 0-1: Ball 1-1: Fly out, F9 (Line Drive, 9S)
|
Bottom of the 5th over - 2 run(s), 2 hit(s), 0 error(s), 0 left on base; Memphis 3 - BlackIron 4 |
TOP OF THE 6TH |
Memphis Blues batting - Pitching for BlackIron Dragons : LHP Frederick Cesti
|
Batting: RHB Glenn Johnson
|
0-0: Ball 1-0: Fly out, F7 (Popup, 6D)
|
Batting: LHB Ken Nelson
|
0-0: Ground out 4-3 (Groundball, 34)
|
Batting: RHB Dale O'Feennaghty
|
0-0: Called Strike 0-1: Ball 1-1: Ball 2-1: Ball 3-1: Base on Balls
|
Batting: RHB José Herrera
|
0-0: Fly out, F7 (Flyball, 78M)
|
Top of the 6th over - 0 run(s), 0 hit(s), 0 error(s), 1 left on base; Memphis 3 - BlackIron 4 |
BOTTOM OF THE 6TH |
BlackIron Dragons batting - Pitching for Memphis Blues : RHP Kunihiko Daikawa
|
Batting: RHB Gil Palmer
|
0-0: Foul Ball, location: 2F 0-1: Called Strike 0-2: Ball 1-2: Foul Ball, location: 2F 1-2: Ground out 4-3 (Groundball, 13)
|
Batting: RHB Boyd Pittman
|
0-0: Called Strike 0-1: Foul Ball, location: 2F 0-2: Ball 1-2: Ball 2-2: Foul Ball, location: 2F 2-2: Foul Ball, location: 2F 2-2: Ball 3-2: Foul Ball, location: 2F 3-2: Base on Balls
|
Pitching: RHP Rafael Ressureio
|
|
Batting: RHB Leroy Jamison
|
0-0: Called Strike 0-1: Foul Ball, location: 2F 0-2: Ball 1-2: Strikes out swinging Boyd Pittman steals 2nd base Batter strikes out.
|
Batting: LHB Culley Vaughan
|
0-0: Ball 1-0: Called Strike 1-1: DOUBLE (Line Drive, 78XD) Boyd Pittman scores
|
Batting: LHB Donnie Cunningham
|
0-0: Foul Ball, location: 2F 0-1: Ball 1-1: Hit by Pitch
|
Batting: LHB Leonard Young
|
0-0: Ball 1-0: Ball 2-0: Called Strike 2-1: Ball 3-1: Called Strike 3-2: Strikes out looking
|
Bottom of the 6th over - 1 run(s), 1 hit(s), 0 error(s), 2 left on base; Memphis 3 - BlackIron 5 |
TOP OF THE 7TH |
Memphis Blues batting - Pitching for BlackIron Dragons : LHP Frederick Cesti
|
Batting: LHB Arturo Rivera
|
0-0: Called Strike 0-1: Swinging Strike 0-2: Strikes out looking
|
Batting: RHB Dave O'Neill
|
0-0: Ball 1-0: Called Strike 1-1: Ball 2-1: Foul Ball, location: 2F 2-2: Fly out, F3 (Popup, 3F)
|
Batting: RHB Dale Taylor
|
0-0: Called Strike 0-1: Ball 1-1: Foul Ball, location: 2F 1-2: Ball 2-2: DOUBLE (Flyball, 78D)
|
Batting: RHB Bob Orr
|
0-0: Ball 1-0: Ball 2-0: Ground out 4-3 (Groundball, 13)
|
Top of the 7th over - 0 run(s), 1 hit(s), 0 error(s), 1 left on base; Memphis 3 - BlackIron 5 |
BOTTOM OF THE 7TH |
BlackIron Dragons batting - Pitching for Memphis Blues : RHP Rafael Ressureio
|
Batting: RHB Edgardo Carrasco
|
0-0: Called Strike 0-1: Ball 1-1: Called Strike 1-2: Strikes out swinging
|
Batting: RHB Alfredo Rangel
|
0-0: Ball 1-0: Foul Ball, location: 2F 1-1: Reached on error, E5 (Groundball, 56S)
|
Batting: RHB Brian Jackson
|
0-0: Called Strike 0-1: Ball 1-1: Ball 2-1: Swinging Strike 2-2: Strikes out looking
|
Batting: RHB Gil Palmer
|
0-0: Called Strike 0-1: Ball 1-1: Ball 2-1: Ball 3-1: SINGLE (Line Drive, 5) Alfredo Rangel to second
|
Batting: RHB Boyd Pittman
|
0-0: Ball 1-0: Ball 2-0: 3-RUN HOME RUN (Line Drive, 89XD), Distance : 415 ft
|
Batting: RHB Leroy Jamison
|
0-0: Fly out, F9 (Flyball, 9M)
|
Bottom of the 7th over - 3 run(s), 2 hit(s), 1 error(s), 0 left on base; Memphis 3 - BlackIron 8 |
TOP OF THE 8TH |
Memphis Blues batting - Pitching for BlackIron Dragons : LHP Frederick Cesti
|
Pitching: RHP Luis Canseco
|
|
Batting: RHB Sadao Kato
|
0-0: Foul Ball, location: 2F 0-1: Ball 1-1: Ball 2-1: Fly out, F7 (Flyball, 7LD)
|
Batting: RHB Glenn Johnson
|
0-0: SINGLE (Line Drive, 89S)
|
Batting: LHB Ken Nelson
|
0-0: Ball 1-0: Ball 2-0: Fielders Choice at 2nd, 4-6 (Groundball, 34)
|
Batting: RHB Dale O'Feennaghty
|
0-0: Called Strike 0-1: Swinging Strike 0-2: Strikes out looking
|
Top of the 8th over - 0 run(s), 1 hit(s), 0 error(s), 1 left on base; Memphis 3 - BlackIron 8 |
BOTTOM OF THE 8TH |
BlackIron Dragons batting - Pitching for Memphis Blues : RHP Rafael Ressureio
|
Pitching: RHP Miguel García
|
|
Batting: LHB Culley Vaughan
|
0-0: Fly out, F7 (Flyball, 78M)
|
Batting: LHB Donnie Cunningham
|
0-0: Ball 1-0: Ball 2-0: Ball 3-0: Called Strike 3-1: Foul Ball, location: 2F 3-2: Foul Ball, location: 2F 3-2: Foul Ball, location: 2F 3-2: Base on Balls
|
Batting: LHB Leonard Young
|
0-0: Called Strike 0-1: Ball 1-1: SINGLE (Flyball, 89S) Donnie Cunningham to second Runner from 2nd tries for 3rd, OUT!
|
Batting: RHB Edgardo Carrasco
|
0-0: Called Strike 0-1: Ball 1-1: SINGLE (Line Drive, 7LM) Leonard Young to second
|
Batting: RHB Alfredo Rangel
|
0-0: Ball 1-0: Ball 2-0: Called Strike 2-1: Swinging Strike 2-2: Ground out 6-3 (Groundball, 6)
|
Bottom of the 8th over - 0 run(s), 2 hit(s), 0 error(s), 2 left on base; Memphis 3 - BlackIron 8 |
TOP OF THE 9TH |
Memphis Blues batting - Pitching for BlackIron Dragons : RHP Luis Canseco
|
Batting: RHB José Herrera
|
0-0: Called Strike 0-1: Bunt missed! 0-2: Ball 1-2: Ball 2-2: Ball 3-2: Foul Ball, location: 2F 3-2: Base on Balls
|
Batting: LHB Arturo Rivera
|
0-0: Swinging Strike 0-1: Ball 1-1: Ball 2-1: Foul Ball, location: 2F 2-2: Foul Ball, location: 2F 2-2: Ball 3-2: Foul Ball, location: 2F 3-2: Base on Balls José Herrera to second
|
Batting: RHB Dave O'Neill
|
0-0: Ball 1-0: SINGLE (Line Drive, 9S) José Herrera to third Arturo Rivera to second Runner from 3rd tries for Home, SAFE, no throw or cutoff
|
Pitching: RHP Augusto Méndez
|
|
Batting: RHB Dale Taylor
|
0-0: Called Strike 0-1: Ball 1-1: Foul Ball, location: 2F 1-2: Strikes out swinging
|
Batting: RHB Bob Orr
|
0-0: Ball 1-0: Fielders Choice at 2nd, 4-6 (Groundball, 4) Arturo Rivera to third
|
Batting: RHB Sadao Kato
|
0-0: Ball 1-0: 3-RUN HOME RUN (Flyball, 8LXD), Distance : 424 ft
|
Batting: RHB Glenn Johnson
|
0-0: Called Strike 0-1: Swinging Strike 0-2: Strikes out swinging
|
Top of the 9th over - 4 run(s), 2 hit(s), 0 error(s), 0 left on base; Memphis 7 - BlackIron 8 |
|